 Dungeon Crawl Stone Soup version 0.31.0-11-ge490571c62 (webtiles) character file.

Game seed: 1160638171160885787

49 qw the Shooter (level 3, -1/20 HPs)
             Began as a Deep Elf Hunter on Feb 4, 2024.
             Slain by Robin
             ... wielding a +0 trident
              (3 damage)
             ... on level 2 of the Dungeon.
             The game lasted 00:00:03 (1154 turns).

qw the Shooter (Deep Elf Hunter)                    Turns: 1154, Time: 00:00:04

Health: -1/20      AC:  6    Str: 10    XL:     3   Next: 51%
Magic:  5/5        EV: 11    Int: 13    God:
Gold:   90         SH:  0    Dex: 18    Spells: 2/2 levels left

rFire   . . .        a - +0 shortbow
rCold   . . .        (shield currently unavailable)
rNeg    . . .        e - +0 ring mail
rPois   .            (no helmet)
rElec   .            (no cloak)
rCorr   .            (no gloves)
SInv    .            d - +0 pair of boots
Will    .....        (no amulet)
Stlth   +            (no ring)
HPRegen 0.23/turn    (no ring)
MPRegen 0.09/turn

%: no passive effects
@: no status effects
A: no striking features
a: no special abilities


You were on level 2 of the Dungeon.
You visited 1 branch of the dungeon, and saw 2 of its levels.

You collected 90 gold pieces.


   Skills:
 - Level 1.5 Fighting
 + Level 7.0 Ranged Weapons
 - Level 2.4 Dodging
 - Level 1.2 Stealth


You had 2 spell levels left.
You didn't know any spells.
Your spell library was empty.

Inventory:

Hand Weapons
 a - a +0 shortbow (weapon)
Armour
 d - a +0 pair of boots (worn)
 e - a +0 ring mail (worn)
Potions
 l - a potion of resistance
 m - a potion of berserk rage {unknown}
 n - a potion of curing {unknown}

Dungeon Overview and Level Annotations

Branches:
Dungeon (2/15)

Altars:

Annotations:
D:2 Robin


Message History

You shoot an arrow. The goblin shouts!
The arrow hits the goblin.
You kill the goblin!
Robin throws the goblin at you!
Your Ranged Weapons skill increases to level 7!
You shoot an arrow. The arrow hits the goblin.
You kill the goblin!
You shoot an arrow. The arrow hits the goblin.
You kill the goblin!
You shoot an arrow. The arrow closely misses the goblin. x2
The arrow hits the goblin.
The goblin is heavily wounded.
The goblin hits you but does no damage. Robin throws the goblin at you!
The goblin barely misses you. x2
You shoot an arrow. The arrow hits the goblin.
You kill the goblin!
The goblin hits you but does no damage.
Robin flexes a bicep menacingly.
Robin throws the goblin at you!
You shoot an arrow. The arrow hits the goblin.
The goblin is moderately wounded.
The goblin barely misses you. The goblin misses you.
You shoot an arrow. The arrow misses the goblin.
The goblin hits you with a +0 dagger. The goblin hits you but does no damage.
Robin throws the goblin at you! The goblin hits you with a +0 dagger.
You shoot an arrow. The arrow hits the goblin.
You kill the goblin!
The goblin hits you with a +0 dagger. The goblin barely misses you.
Robin hits you from afar with a +0 trident.
The goblin hits you with a +0 dagger. The goblin barely misses you.
You shoot an arrow. The arrow completely misses the goblin.
Robin throws the goblin at you! The goblin closely misses you.
The goblin hits you but does no damage. x2
You shoot an arrow. The arrow hits the goblin.
The goblin is moderately wounded.
The goblin barely misses you. x2; The goblin closely misses you.
Robin hits you from afar with a +0 trident.
You die...
Robin says, "And that's why I'm the boss."

### #....)..# #.......#
.......# +.......#
###....... #.....ggg
#.....#g# #.....#@###
#.....#gg.# #.....#...#
#.........# +.....#.###
#.....#.#
#.....#+################
#####....##.#..........#
#....+..#.......####


You could see Robin, a hobgoblin (strong) and 4 goblins.

Vanquished Creatures
  An adder (D:2)
  2 ribbon worms (D:2)
  2 bats (D:1)
  3 endoplasms (D:1)
  8 goblins
  2 hobgoblins (D:1)
  4 jackals (D:1)
  2 quokkas
  A ball python (D:1)
  3 frilled lizards
  3 kobolds
  A rat (D:1)
32 creatures vanquished.

Notes
Turn   | Place    | Note
-------+----------+-------------------------------------------
     0 | D:1      | qw the Deep Elf Hunter began the quest for the Orb.
     0 | D:1      | Reached XP level 1. HP: 12/12 MP: 3/3
     0 | D:1      | 0 ||| qw: Version: 0.3-a-160-g6735b56
     0 | D:1      | 0 ||| qw: Game counter: 5519
     0 | D:1      | 0 ||| qw: Melee chars always use a shield: true
     0 | D:1      | 0 ||| qw: God list: Okawaru
     0 | D:1      | 0 ||| qw: Allow faded altars: false
     0 | D:1      | 0 ||| qw: Do Orc after clearing Dungeon:15 true
     0 | D:1      | 0 ||| qw: Do second Lair branch before Depths: true
     0 | D:1      | 0 ||| qw: Lair rune preference: random
     0 | D:1      | 0 ||| qw: Goals: Normal
     0 | D:1      | 0 ||| PLANNING D:1-11
   129 | D:1      | Found a faded altar of an unknown god.
   148 | D:1      | Reached XP level 2. HP: 16/16 MP: 4/4
   198 | D:1      | Reached skill level 6 in Ranged Weapons
   627 | D:1      | 627 ||| UPGRADING to +0 pair of boots.
   632 | D:1      | 632 ||| UPGRADING to +0 ring mail.
   642 | D:1      | 642 ||| DROPPING +0 leather armour.
   643 | D:1      | 643 ||| READING scroll labelled GOEQES XUEKLAU.
   643 | D:1      | 643 ||| IDENTIFYING fuming sapphire potion
   644 | D:1      | 644 ||| READING scroll labelled CEJO FIMIXINUY.
   645 | D:1      | 645 ||| READING scroll labelled WOLEAZ GEMEU.
   648 | D:1      | 648 ||| READING scroll labelled XOMMUKH EGACK.
   649 | D:1      | 649 ||| READING scroll labelled YNASTR XIEC.
   750 | D:1      | 750 ||| DRINKING 2 green potions.
   788 | D:1      | 788 ||| DROPPING scroll of butterflies.
   789 | D:1      | 789 ||| DROPPING potion of lignification.
   861 | D:2      | Reached XP level 3. HP: 19/20 MP: 5/5
  1143 | D:2      | Noticed Robin
  1146 | D:2      | Reached skill level 7 in Ranged Weapons
  1152 | D:2      | HP: 1/20 [goblin/+0 dagger (5)]
  1154 | D:2      | Slain by Robin

Levels and vault maps discovered:
D:1:      onia_arrival_pentagram, layout_loops_cross, serial_forest,
          infiniplex_forest_side_room, infiniplex_forest_clump_small,
          infiniplex_forest_clump_double, infiniplex_forest_clump_small,
          infiniplex_forest_clump_curved, infiniplex_forest_clump_curved,
          infiniplex_forest_zigzag_1, hellmonk_ecumenical_altar_leap_of_faith,
          minmay_pentomino_t2
D:2:      layout_basic, kennysheep_generic_room_16, uniq_robin

Skill      XL: |  1  2  3 |
---------------+----------+-----
Ranged Weapons | 6 7 |  7.0
Fighting       | |  1.5
Dodging        | |  2.4
Stealth        | |  1.2

Action                     || total
---------------------------++-------
   Fire: Shortbow          ||    78
    Use: Scroll            ||     5
         Potion            ||     1
 Armour: Leather armour    ||     1
         Ring mail         ||    24
  Dodge: Dodged            ||    24

Table legend:
 A = Non-vault XP
 B = Vault XP
 C = Vault XP percentage of total XP
 D = Non-vault monster count
 E = Vault monster count
 F = Vault count percentage of total count
                 A         B        C        D         E       F
            +---------+---------+-------+---------+---------+-------
      Total |      58 |      12 |  17.1 |      25 |       7 |  21.9
            +---------+---------+-------+---------+---------+-------
        D:1 |      29 |       2 |   6.5 |      17 |       1 |   5.6
        D:2 |      29 |      10 |  25.6 |       8 |       6 |  42.9
            +---------+---------+-------+---------+---------+-------
